 Dungeon Crawl Stone Soup version 0.21.1-1-g345015fe64 (webtiles) character file.

15108 Ingvold the Grappler (level 11, -2/104 HPs)
             Began as a Troll Monk on May 29, 2018.
             Was an Elder of Wu Jian.
             Slain by a nine-headed hydra (5 damage)
             ... on level 11 of the Dungeon.
             The game lasted 01:04:49 (9786 turns).

Ingvold the Grappler (Troll Monk)                   Turns: 9786, Time: 01:04:50

Health: -2/104     AC: 13    Str: 24      XL:     11   Next: 97%
Magic:  10/10      EV: 14    Int:  6      God:    Wu Jian [****..]
Gold:   601        SH:  0    Dex: 16 (17) Spells: 10/10 levels left

rFire    x . .     SeeInvis .     - Unarmed
rCold    + . .     Gourm    +   (no shield)
rNeg     . . .     Faith    .   Q - +0 troll leather armour
rPois    .         Spirit   .   (helmet restricted)
rElec    +         Reflect  .   (no cloak)
rCorr    .         Harm     .   (gloves unavailable)
MR       .....                  (boots unavailable)
Stlth    +++.......             M - amulet "Wor Evet" {+Rage rF- rC+ Dex+5}
HPRegen  1.07/turn              F - +6 ring of protection
MPRegen  0.12/turn              L - +2 ring of slaying

@: no status effects
A: large, unfitting armour, claws 3, deterioration 1, fast metabolism 3,
gourmand, regeneration 1, shaggy fur 1, electricity resistance, tough skin 2,
wild magic 1
a: Wall Jump, Serpent's Lash, Renounce Religion, Evoke Berserk Rage


You were on level 11 of the Dungeon.
You worshipped Wu Jian.
Wu Jian was greatly pleased with you.
You were very full.

You visited 3 branches of the dungeon, and saw 13 of its levels.
You also visited: Labyrinth.

You collected 601 gold pieces.

Inventory:

Armour
 a - a +0 robe
 Q - a +0 troll leather armour (worn)
Jewellery
 i - an uncursed ring of positive energy
 j - an uncursed ring of stealth
 n - an uncursed ring of see invisible
 q - an uncursed ring of protection from fire
 r - an uncursed ring of protection from cold
 D - a +2 amulet of reflection
 F - a +6 ring of protection (left claw)
 H - an uncursed ring of fire
 L - a +2 ring of slaying (right claw)
 M - the amulet "Wor Evet" (around neck) {+Rage rF- rC+ Dex+5}
   (You found it in a labyrinth)

   [amulet of rage]

   It affects your dexterity (+5).
   It makes you vulnerable to fire.
   It protects you from cold.
   It lets you go berserk.
Wands
 h - a wand of digging (26)
 k - a wand of paralysis (12)
 p - a wand of scattershot (7)
 t - a wand of polymorph (10)
 u - a wand of flame (24)
 x - a wand of clouds (5)
 y - a wand of enslavement (23)
Scrolls
 c - 4 scrolls of remove curse
 d - 4 scrolls of identify
 f - a scroll of enchant weapon {unknown}
 g - a scroll of amnesia {unknown}
 l - 3 scrolls of teleportation
 s - 2 scrolls of enchant armour {unknown}
 v - a scroll of noise {unknown}
 w - a scroll of fear {unknown}
 C - a scroll of magic mapping {unknown}
 I - a scroll of silence {unknown}
Potions
 e - a potion of flight
 m - 2 potions of heal wounds
 z - a potion of degeneration
 A - a potion of berserk rage
 B - 2 potions of magic
 E - 2 potions of lignification
 G - a potion of cancellation
 J - a potion of curing
 K - a potion of brilliance {unknown}
Miscellaneous
 N - a box of beasts
 O - a sack of spiders
Comestibles
 b - 24 rations
 o - 6 chunks of flesh


   Skills:
 + Level 5.3 Fighting
 + Level 0.1 Armour
 + Level 6.8 Dodging
 + Level 5.1 Stealth
 + Level 14.8 Unarmed Combat


You had 10 spell levels left.
You didn't know any spells.

Dungeon Overview and Level Annotations

Branches:
Dungeon (11/15)            Temple (1/1) D:5            Lair (1/6) D:9
    Orc: D:9-12

Altars:
Ashenzari
Cheibriados
Dithmenos
Elyvilon
Fedhas
Gozag
Hepliaklqana
Kikubaaqudgha
Makhleb
Nemelex Xobeh
Okawaru
Qazlal
Ru
Sif Muna
Trog
Uskayaw
Vehumet
Wu Jian
Xom
Yredelemnul
Zin
The Shining One

Shops:
D:4 %   D:5 (   D:6 *


Innate Abilities, Weirdness & Mutations

You are too large for most types of armour.
You have claws for hands.
Your metabolism is lightning-fast.
You like to eat raw meat.
Your natural rate of healing is unusually fast.
You are covered in fur. (AC +1)
You have very tough skin. (AC +2)
Your body sometimes deteriorates upon taking damage.
You are resistant to electric shocks. (rElec)
Your spells are a little harder to cast, but a little more powerful.


Message History

Your body deteriorates!
You feel clumsy.
The nine-headed hydra closely misses you.
The nine-headed hydra bites you.
* * * LOW HITPOINT WARNING * * *
The nine-headed hydra bites you.
* * * LOW HITPOINT WARNING * * *
The nine-headed hydra completely misses you.
The nine-headed hydra bites you!
* * * LOW HITPOINT WARNING * * *
The nine-headed hydra closely misses you.
Okay, then.
The nine-headed hydra bites you!
* * * LOW HITPOINT WARNING * * *
The nine-headed hydra bites you.
* * * LOW HITPOINT WARNING * * *
The nine-headed hydra bites you but does no damage.
The nine-headed hydra bites you.
* * * LOW HITPOINT WARNING * * *
The nine-headed hydra bites you.
You die...

##### .....
..... .....
#+### #
..#############
+
..............#
#
........§§§...#
#####
........D@§..##
.....
........§§§..#
####.
.............#
...#
.............#
...#
.............#
...+
.........(...#
...#
....######..#
...#
....#....#..#
...# ..
#....#..#


You could see a nine-headed hydra.

Vanquished Creatures
  A minotaur (Lab)
  Erica (D:8)
  2 two-headed ogres (D:9)
  2 ugly things (D:11)
  The ghost of DildoBatman the Jinx, a novice FoWz of Kikubaaqudgha (D:6)
  A spiny frog (Lair:1)
  Joseph (D:8)
  2 centaur skeletons
  An efreet (D:10)
  2 trolls (D:11)
  A minotaur zombie (Lab)
  A queen bee (D:8)
  Prince Ribbit (D:7)
  2 hornets
  Grinder (D:4)
  A hippogriff (D:11)
  A shadow (D:11)
  5 yaks (D:10)
  5 hungry ghosts (Lab)
  A steam dragon (D:10)
  Edmund (D:6)
  Menkaure (D:7)
  A water moccasin (D:10)
  2 porcupines (D:9)
  3 ice beasts
  A sky beast (D:11)
  2 orc warriors
  A black bear (D:11)
  An eye of draining (D:10)
  7 necrophages
  5 ogres
  4 centaurs
  2 big kobolds
  A crocodile (D:6)
  5 bullfrogs
  A water moccasin zombie (D:8)
  A scorpion (D:5)
  19 killer bees
  13 wights
  4 electric eels
  6 howler monkeys
  A centaur zombie (D:10)
  4 crimson imps
  2 bullfrog zombies
  5 orc priests
  2 bullfrog skeletons
  9 orc wizards
  A gnoll shaman (D:6)
  Ijyb (D:4)
  3 iguanas
  16 worker ants
  A killer bee zombie (D:8)
  A hound zombie (D:5)
  A hound skeleton (D:7)
  A howler monkey zombie (D:11)
  2 worker ant zombies (D:6)
  11 adders
  10 gnolls
  6 shadow imps
  2 adder zombies
  2 adder skeletons
  A worm (D:2)
  15 dart slugs
  41 orcs
  5 giant cockroaches
  11 goblins
  8 hobgoblins
  3 jackals (D:5)
  17 kobolds
  4 quokkas
  A ball python (D:3)
  5 bats
  A frilled lizard (D:2)
  A jackal zombie (D:9)
  A leopard gecko skeleton (D:6)
  2 quokka zombies
  5 rats
  A bush (D:8)
  A plant (D:8)
318 creatures vanquished.

Vanquished Creatures (others)
  A plant (D:8)
1 creature vanquished.

Grand Total: 319 creatures vanquished

Notes
Turn   | Place    | Note
-------+----------+-------------------------------------------
     0 | D:1      | Ingvold the Troll Monk began the quest for the Orb.
     0 | D:1      | Reached XP level 1. HP: 22/22 MP: 0/0
   134 | D:1      | Reached XP level 2. HP: 29/29 MP: 1/1
   332 | D:1      | Reached XP level 3. HP: 29/36 MP: 2/2
  1057 | D:2      | Reached XP level 4. HP: 44/44 MP: 3/3
  1307 | D:2      | Found an ornate altar of the Wu Jian Council.
  1501 | D:2      | Became a worshipper of the Wu Jian Council
  1501 | D:2      | Reached * piety under Wu Jian
  1501 | D:2      | Reached ** piety under Wu Jian
  1597 | D:3      | Reached skill level 4 in Unarmed Combat
  1839 | D:3      | Reached XP level 5. HP: 52/52 MP: 4/4
  2306 | D:4      | Noticed an ogre
  2323 | D:3      | Killed an ogre
  2323 | D:3      | Reached skill level 5 in Unarmed Combat
  2323 | D:3      | Reached XP level 6. HP: 47/61 MP: 5/5
  2572 | D:4      | You fall through a shaft for 2 floors!
  2596 | D:5      | Entered Level 5 of the Dungeon
  2632 | D:6      | Reached *** piety under Wu Jian
  2671 | D:6      | Noticed an ice beast
  2674 | D:6      | Noticed Edmund
  2945 | D:5      | Found Xuuvae's Antique Weapon Emporium.
  2998 | D:5      | Reached skill level 6 in Unarmed Combat
  2998 | D:5      | Reached XP level 7. HP: 34/67 MP: 6/6
  3304 | D:5      | Found a staircase to the Ecumenical Temple.
  3321 | Temple   | Entered the Ecumenical Temple
  3568 | D:4      | Found Foset's Food Emporium.
  3573 | D:4      | Reached skill level 7 in Unarmed Combat
  3651 | D:4      | Found a sparkling altar of Nemelex Xobeh.
  3741 | D:4      | Noticed Grinder
  3749 | D:4      | Paralysed by Grinder for 5 turns
  3759 | D:4      | Killed Grinder
  3834 | D:4      | Noticed Ijyb
  3849 | D:4      | Killed Ijyb
  3849 | D:4      | Reached XP level 8. HP: 75/75 MP: 7/7
  3894 | D:6      | Noticed DildoBatman's ghost (novice FoWz)
  3908 | D:6      | Killed DildoBatman's ghost
  3908 | D:6      | Reached skill level 8 in Unarmed Combat
  3925 | D:6      | Reached skill level 9 in Unarmed Combat
  4086 | D:6      | Killed Edmund
  4141 | D:6      | Found a hide-covered altar of Uskayaw.
  4350 | D:6      | Found Bagup's Assorted Antiques.
  4597 | D:7      | Reached **** piety under Wu Jian
  4601 | D:7      | Reached XP level 9. HP: 84/84 MP: 8/8
  4732 | D:7      | Reached skill level 10 in Unarmed Combat
  4814 | D:7      | Reached skill level 5 in Dodging
  4895 | D:7      | Noticed Prince Ribbit
  4900 | D:7      | Killed Prince Ribbit
  5110 | D:7      | Noticed Menkaure
  5112 | D:7      | Killed Menkaure
  5505 | D:8      | Found a glowing golden altar of the Shining One.
  5537 | D:8      | Noticed Erica
  5549 | D:8      | Killed Erica
  5549 | D:8      | Reached skill level 11 in Unarmed Combat
  5553 | D:8      | Noticed a queen bee
  5663 | D:8      | HP: 3/84 [killer bee (6)]
  5859 | D:8      | Found a blossoming altar of Fedhas.
  5895 | D:8      | Reached XP level 10. HP: 82/93 MP: 9/9
  5994 | D:8      | Reached skill level 12 in Unarmed Combat
  6012 | D:8      | HP: 2/94 [killer bee (5)]
  6247 | D:8      | Noticed Joseph
  6248 | D:8      | Found a shadowy altar of Dithmenos.
  6251 | D:8      | Killed Joseph
  6374 | D:8      | Found a white marble altar of Elyvilon.
  6374 | D:8      | Found a sacrificial altar of Ru.
  6375 | D:8      | Found an iron altar of Okawaru.
  6588 | D:9      | Reached ***** piety under Wu Jian
  7080 | D:9      | Noticed a two-headed ogre
  7087 | D:9      | Killed a two-headed ogre
  7087 | D:9      | Reached skill level 5 in Fighting
  7121 | D:9      | Found a staircase to the Lair.
  7223 | D:9      | Noticed a two-headed ogre
  7235 | D:9      | Killed a two-headed ogre
  7235 | D:9      | Reached skill level 13 in Unarmed Combat
  7245 | D:9      | Reached XP level 11. HP: 47/102 MP: 10/10
  7354 | D:9      | Found a snail-covered altar of Cheibriados.
  7609 | Lair:1   | Entered Level 1 of the Lair of Beasts
  7637 | Lair:1   | HP: 4/102 [poisoned by a spiny frog]
  7717 | D:10     | Entered Level 10 of the Dungeon
  8805 | D:11     | Found a labyrinth entrance.
  8837 | Lab      | Entered a labyrinth
  9208 | Lab      | Reached skill level 14 in Unarmed Combat
  9296 | Lab      | Noticed a minotaur
  9302 | Lab      | Killed a minotaur
  9322 | Lab      | Got a twitching bone amulet
  9420 | D:11     | Noticed a red ugly thing
  9436 | D:11     | Killed a red ugly thing
  9436 | D:11     | Reached skill level 5 in Stealth
  9526 | D:11     | Identified the amulet "Wor Evet" {+Rage rF- rC+ Dex+5} (You found it in a labyrinth)
  9544 | D:11     | Gained mutation: Your body sometimes deteriorates upon taking damage. [potion of mutation]
  9544 | D:11     | Gained mutation: Your spells are a little harder to cast, but a little more powerful. [potion of mutation]
  9544 | D:11     | Gained mutation: You are resistant to electric shocks. (rElec) [potion of mutation]
  9562 | D:11     | Paralysed by a hornet for 1 turns
  9746 | D:11     | Noticed a four-headed hydra
  9747 | D:11     | Noticed a cyan ugly thing
  9763 | D:11     | Killed a cyan ugly thing
  9786 | D:11     | HP: 4/104 [nine-headed hydra (5)]
  9786 | D:11     | Slain by a nine-headed hydra

Skill      XL: |  1  2  3  4  5  6  7  8  9 10 11 |
---------------+----------------------------------+-----
Dodging        | 3 4 5 6 |  6.8
Unarmed Combat | 4 5 6 7 9 11 13 14 | 14.8
Fighting       | 3 4 5 |  5.3
Stealth        | 2 3 4 5 |  5.1
Armour         | |  0.1

Action                   |  1- 3 |  4- 6 |  7- 9 | 10-12 || total
-------------------------+-------+-------+-------+-------++-------
Melee: Unarmed           |    82 |   112 |   279 |   413 ||   886
       Punch             |     1 |     5 |    12 |    22 ||    40
Invok: Lunge             |       |     9 |    22 |    55 ||    86
       Wall Jump         |       |     1 |     1 |    15 ||    17
       Whirlwind         |       |     2 |    91 |   134 ||   227
       Serpent's Lash    |       |       |       |     1 ||     1
       Heavenly Storm    |       |       |       |     1 ||     1
 Abil: Wall Jump         |       |     2 |    18 |    13 ||    33
Evoke: Wand              |       |       |       |     3 ||     3
  Use: Scroll            |       |     4 |     4 |     6 ||    14
       Potion            |       |     2 |     4 |     4 ||    10
 Stab: Sleeping          |     5 |       |     7 |    19 ||    31
       Distracted        |       |       |     1 |     3 ||     4
  Eat: Chunk             |    15 |    18 |    23 |    42 ||    98
       Ration            |       |       |       |     1 ||     1
Armor: Robe              |    26 |    26 |    44 |    54 ||   150
       Skin              |       |     1 |       |       ||     1
       Troll leather arm |       |       |       |    25 ||    25
Dodge: Dodged            |    51 |    63 |   121 |   168 ||   403
Block: Other             |       |       |     7 |    11 ||    18
       Reflection        |       |       |       |     2 ||     2
